 Dungeon Crawl Stone Soup version 0.23-a0-14-g8c9a20f (webtiles) character file.

2 Amnesiac the Magician (level 1, -4/13 HPs)
             Began as a Mummy Ice Elementalist on Aug 2, 2018.
             Slain by a scorpion (9 damage)
             ... on level 3 of the Dungeon.
             The game lasted 00:00:35 (210 turns).

Amnesiac the Magician (Mummy Ice Elementalist)       Turns: 210, Time: 00:00:36

Health: -4/13      AC:  2    Str: 11    XL:     1   Next: 33%
Magic:  3/4        EV: 12    Int: 14    God:
Gold:   2          SH:  0    Dex: 12    Spells: 5/6 levels left

rFire    x . .     SeeInvis .   a - +0 rapier
rCold    + . .     Gourm    .   (no shield)
rNeg     + + +     Faith    .   d - +0 robe
rPois    ∞         Spirit   .   (no helmet)
rElec    .         Reflect  .   (no cloak)
rCorr    .         Harm     .   (no gloves)
MR       .....                  (no boots)
Stlth    ++........             (no amulet)
HPRegen  0.04/turn              (no ring)
MPRegen  0.09/turn              (no ring)

@: no status effects
A: no food or potions, fire vulnerability, cold resistance 1, negative energy
resistance 3, torment resistance, unbreathing
a: no special abilities


You were on level 3 of the Dungeon.
You were not hungry.

You visited 1 branch of the dungeon, and saw 4 of its levels.

You collected 2 gold pieces.

Inventory:

Hand Weapons
 a - a +0 rapier (weapon)
Missiles
 b - 46 stones (quivered)
Armour
 d - a +0 robe (worn)


   Skills:
 - Level 1.5 Dodging
 - Level 1.5 Stealth
 + Level 3.0 Spellcasting
   Level 0.7 Conjurations
 - Level 2.4 Ice Magic


You had 5 spell levels left.
You knew the following spells:

 Your Spells              Type           Power        Failure   Level  Hunger
a - Freeze                Ice            #...         8%          1    N/A

Your spell library contained the following spells:

 Spells                   Type           Power        Failure   Level  Hunger
 Throw Frost              Conj/Ice       #.....       17%         2    N/A
 Summon Ice Beast         Ice/Summ       #.......     78%         4    N/A
 Ozocubu's Armour         Chrm/Ice       #.......     36%         3    N/A
 Throw Icicle             Conj/Ice       #.......     75%         4    N/A

Dungeon Overview and Level Annotations

Branches:
Dungeon (4/15)
 Temple: D:4-7

Altars:


Innate Abilities, Weirdness & Mutations

You do not eat or drink.
Your flesh is vulnerable to fire.
You are immune to poison.
Your flesh is cold resistant. (rC+)
You are immune to negative energy. (rN+++)
You are immune to unholy pain and torment.
You can survive without breathing.


Message History

Adjust which item? (? for menu, Esc to quit)
d - a +0 rapier (weapon)
Adjust to which letter? (? for menu, Esc to quit)
a - a +0 rapier (weapon);
d - a +0 robe (worn)
Drop what? 4/52 slots (_ for help) (? for menu, Esc to quit)
You drop a +0 hand axe.
You drop a mace.
You see here 25 stones.
b - 25 stones A kobold comes into view.
The kobold shouts!
Found a stone staircase leading down.
You hit the kobold.
You kill the kobold!
Casting: Freeze (safe; 9% risk of failure)
Confirm with . or Enter, or press ? or * to list all spells.
You can't see any susceptible monsters within range! (Use Z to cast anyway.)
Casting: Freeze (safe; 9% risk of failure)
Confirm with . or Enter, or press ? or * to list all spells.
You can't see any susceptible monsters within range! (Use Z to cast anyway.)
b - 46 stones (gained 21)
You see here a fuming white potion {!q}.
You now have 2 gold pieces.
There is a stone staircase leading down here.
You climb downwards.
A frilled lizard comes into view.
There is a stone staircase leading up here.
Unknown command.
The helpless frilled lizard fails to defend itself.
You puncture the frilled lizard!
You kill the frilled lizard!
Your Spellcasting skill increases to level 3!
You see here a frilled lizard corpse.
Found a stone staircase leading down.
Found a chain mail.
Found a ring mail.
There is a stone staircase leading down here.
You climb downwards.
A quokka, a worker ant, 2 scorpions and 9 orcs come into view.
An orc is wielding a mace of protection.
An orc is wielding a dagger of venom.
The orc shouts! x3
The worker ant twitches its antennae in your direction.
The orc shouts! x4; You hear a bark!
Found six items.
Found an escape hatch in the floor and an escape hatch in the ceiling.
Found two stone staircases leading down.
There is a stone staircase leading up here.
Unknown command.
Unknown command.
Unknown command.
The scorpion stings you. The orc hits you.
* * * LOW HITPOINT WARNING * * *
You climb upwards.
There is a stone staircase leading down here.
Casting: Freeze (safe; 8% risk of failure)
Confirm with . or Enter, or press ? or * to list all spells.
Aiming: Freeze (safe; 8% risk of failure)
Press: ? - help, Shift-Dir - straight line, f - orc
Aim: an orc, wearing a leather armour You freeze the orc.
The orc is moderately wounded.
The scorpion stings you!
Ouch! That really hurt!
You die...

###########
#.†.......#
#.#######<#
#....s.##.#
#.#.##@##.# #
#.#.##o##.# .#
#.#.##.##.#
#.#####
#.......#.#
...[...
###.#...#.# #
######..#...#.#
# #......##...#
# #.#######...#
# #...........#


You could see a scorpion and an orc.

Vanquished Creatures
  A kobold (D:2)
  A frilled lizard (D:3)
  A rat (D:1)
3 creatures vanquished.

Notes
Turn   | Place    | Note
-------+----------+-------------------------------------------
     0 | D:1      | Amnesiac the Mummy Ice Elementalist began the quest for the Orb.
     0 | D:1      | Reached XP level 1. HP: 13/13 MP: 4/4
   109 | D:3      | Reached skill level 3 in Spellcasting
   207 | D:4      | Noticed a scorpion
   207 | D:4      | Noticed a scorpion
   207 | D:4      | Noticed a worker ant
   210 | D:3      | Slain by a scorpion

Vault maps used:
D:1:      dpeg_arrival_pits
D:2:      nicolae_overflow_crystal_walls, first_ration, uniq_natasha,
          uniq_crazy_yiuf_cottage
D:3:      vehumet_crystals, fedhas_altar_3, uniq_jessica
D:4:      minmay_misc_feat_plants

Skill      XL: |  1 |
---------------+----+-----
Spellcasting   | 3 |  3.0
Dodging        | |  1.5
Stealth        | |  1.5
Conjurations   | |  0.7
Ice Magic      | |  2.4

Action                   || total
-------------------------++-------
Melee: Rapier            ||     2
       Hand axe          ||     1
 Cast: Freeze            ||     3
 Stab: Sleeping          ||     1
Armor: Robe              ||     1
Dodge: Dodged            ||     3

Table legend:
 A = Spawn XP
 B = Non-spawn XP
 C = Spawn XP percentage of total XP
 D = Spawn monster count
 E = Non-spawn monster count
 F = Spawn count percentage of total count
 G = Total turns spent on level
                    A         B        C        D         E        F      G
               +---------+---------+-------+---------+---------+-------+---------
         Total |       0 |       4 |   0.0 |       0 |       3 |   0.0 |   210
               +---------+---------+-------+---------+---------+-------+---------
           D:1 |       0 |       1 |   0.0 |       0 |       1 |   0.0 |    52
           D:2 |       0 |       2 |   0.0 |       0 |       1 |   0.0 |    50
           D:3 |       0 |       1 |   0.0 |       0 |       1 |   0.0 |   106
               +---------+---------+-------+---------+---------+-------+---------
